 Dungeon Crawl Stone Soup version 0.17-a0-968-gf8e1f1d (webtiles) character file.

662 Zwobot the Poker (level 7, 0/56 HPs)
             Began as a Centaur Gladiator on May 9, 2015.
             Succumbed to a killer bee's poison
             ... on level 7 of the Dungeon.
             The game lasted 00:15:57 (4338 turns).

Zwobot the Poker (Centaur Gladiator)                Turns: 4338, Time: 00:15:57

Health: 0/56       AC:  6    Str: 18    XL:     7   Next: 30%
Magic:  7/7        EV: 10    Int: 13    God:
Gold:   189        SH:  0    Dex: 10    Spells: 0 memorised, 6 levels left

rFire  . . .     SeeInvis +     a - +1 trident
rCold  . . .     Clarity  +     v - +0 leather armour
rNeg   . . .     SustAb   .     (no shield)
rPois  .         Gourm    .     c - +1 helmet
rElec  .         Spirit   .     (no cloak)
rCorr  .         Warding  .     (no gloves)
rMut   .         Stasis   .     (no barding)
MR     .....                    l - amulet of clarity
Stlth  ..........               (no ring)
                                f - ring of see invisible

@: brilliant, lethally poisoned (0 -> -20), very quick, not resistant to hostile
enchantments, extremely unstealthy
A: hooves 3, deformed body, speed 2, tough skin 3
a: no special abilities


You were on level 7 of the Dungeon.
You were not hungry.

You visited 1 branch of the dungeon, and saw 6 of its levels.

You collected 189 gold pieces.

Inventory:

Hand weapons
 a - a +1 trident (weapon)
 b - a +0 blowgun
Missiles
 d - a throwing net (quivered)
 k - 74 stones
 w - 15 poisoned needles
Armour
 c - a +1 helmet (worn)
 g - a +0 buckler
 v - a +0 leather armour (worn)
 y - a +0 plate armour
Jewellery
 f - a ring of see invisible (left hand)
 l - an amulet of clarity (around neck)
 o - an uncursed amulet of warding
Scrolls
 m - a scroll of immolation
 q - 5 scrolls of remove curse
 s - a scroll of fog {unknown}
 x - a scroll of random uselessness {unknown}
Potions
 i - a potion of resistance
 p - 2 potions of might
Comestibles
 e - 2 bread rations
 h - 3 fruits
 j - 2 meat rations


   Skills:
 + Level 2.6 Fighting
 + Level 7.4 Polearms
 - Level 2.6 Throwing
 + Level 2.5 Dodging


You had 6 spell levels left.
You didn't know any spells.

Dungeon Overview and Level Annotations

Branches:
Dungeon (7/15)
 Temple: D:4-7

Altars:
Qazlal
Yredelemnul

Annotations:
D:4 laxity's ghost, experienced DEFE


Innate Abilities, Weirdness & Mutations

You have hooves in place of feet.
Armour fits poorly on your strangely shaped body.
You cover ground very quickly.
You have extremely tough skin (AC +3).


Message History

The killer bee is lightly wounded.
* * * LOW HITPOINT WARNING * * *
You feel sick. The killer bee stings you.
* * * LOW HITPOINT WARNING * * *
The killer bee stings you.
* * * LOW HITPOINT WARNING * * *
You are more poisoned.
The killer bee poisons you!
Throwing (i - inventory. (,) - cycle):
d - 2 throwing nets (quivered)
Press: ? - help, Shift-Dir - straight line, f/p - killer bee
Aim: a killer bee (lightly wounded)
You throw a throwing net. The throwing net hits the killer bee.
The killer bee is caught in the net!
The killer bee is lightly wounded.
* * * LOW HITPOINT WARNING * * *
You feel sick.
The killer bee struggles to escape the net. x2
You hit the killer bee.
The killer bee is moderately wounded.
You die...

### .. ..
.### ..#
#.# #@# #y#
#.####
#.#.. #.#.#
#.#.####.y.
#(....y....
###.###...
#.#


You could see a killer bee (caught).

Vanquished Creatures
  A sky beast (D:5)
  A giant frog (D:7)
  2 killer bees (D:7)
  2 hounds (D:4)
  An orc wizard (D:4)
  3 orc priests (D:4)
  Terence (D:3)
  An iguana (D:4)
  A worker ant (D:4)
  5 adders
  A gnoll (D:1)
  4 worms (D:3)
  6 giant geckos
  6 orcs
  3 ball pythons
  A bat zombie (D:4)
  9 goblins
  13 hobgoblins
  3 jackals
  6 kobolds
  3 quokkas
  8 bats
  A giant cockroach (D:1)
  6 giant newts
  12 rats
  A spectral orc (D:3)
101 creatures vanquished.

Vanquished Creatures (others)
  An orc priest (D:4)
  4 orcs (D:4)
5 creatures vanquished.

Grand Total: 106 creatures vanquished

Notes
Turn   | Place    | Note
--------------------------------------------------------------
     0 | D:1      | Zwobot, the Centaur Gladiator, began the quest for the Orb.
     0 | D:1      | Reached XP level 1. HP: 17/17 MP: 1/1
   116 | D:1      | Reached skill level 3 in Polearms
   295 | D:1      | Reached XP level 2. HP: 24/24 MP: 2/2
   709 | D:1      | Reached XP level 3. HP: 27/29 MP: 3/3
   991 | D:1      | Reached skill level 4 in Polearms
  1945 | D:3      | Reached XP level 4. HP: 28/36 MP: 4/4
  2176 | D:3      | Noticed Terence
  2204 | D:3      | Killed Terence
  2243 | D:3      | Reached skill level 5 in Polearms
  2649 | D:3      | Reached XP level 5. HP: 41/41 MP: 5/5
  2825 | D:3      | Found a basalt altar of Yredelemnul.
  2905 | D:4      | Noticed laxity's ghost (experienced DEFE)
  3150 | D:4      | Found a stormy altar of Qazlal.
  3231 | D:4      | Reached skill level 6 in Polearms
  3237 | D:4      | Reached XP level 6. HP: 48/48 MP: 6/6
  4114 | D:5      | Entered Level 5 of the Dungeon
  4134 | D:5      | Reached skill level 7 in Polearms
  4267 | D:5      | You fall through a shaft for 2 floors!
  4295 | D:7      | Reached XP level 7. HP: 55/55 MP: 7/7
  4337 | D:7      | HP: 1/56 [poisoned by a killer bee]
  4338 | D:7      | Succumbed to a killer bee's poison

Action                   |  1- 3 |  4- 6 |  7- 9 || total
-------------------------+-------+-------+-------++-------
Melee: Trident           |   133 |   196 |    26 ||   355
 Fire: Blowgun           |       |    11 |       ||    11
Throw: Throwing net      |       |     2 |     2 ||     4
  Use: Scroll            |     6 |     4 |       ||    10
       Potion            |       |     2 |     3 ||     5
  Eat: Chunk             |     2 |     7 |       ||     9
